 Dungeon Sprint DCSS version 0.30.1-11-g7821555f0a (webtiles) character file.

Game seed: 10419186984733780132

4344 Groucho the Covert (level 10, -3/44 HPs)
             Began as a Spriggan Earth Elementalist on Nov 7, 2023.
             Was a High Priest of Vehumet.
             Slain by an alligator snapping turtle (47 damage)
             ... in the Dungeon (Sprint VII: "The Pits").
             The game lasted 00:16:32 (7670 turns).

Groucho the Covert (Spriggan Earth Elementalist)    Turns: 7670, Time: 00:16:33

Health: -3/44      AC:  7    Str:  4    XL:     10   Next: 12%
Magic:  6/25       EV: 24    Int: 24    God:    Vehumet [*****.]
Gold:   0          SH:  0    Dex: 16    Spells: 12/30 levels left

rFire   + . .        r - +4 quarterstaff (speed)
rCold   . . .        (shield currently unavailable)
rNeg    . . .        n - +1 robe {rF+}
rPois   .            (helmet restricted)
rElec   .            s - +0 cloak
rCorr   .            (gloves unavailable)
SInv    +            (boots unavailable)
Will    +....        (no amulet)
Stlth   +++++        o - +3 ring of protection
HPRegen 0.27/turn    p - +3 ring of intelligence
MPRegen 0.19/turn

%: no teleportation
@: very quick
A: very small, no large weapons, unfitting armour, see invisible, speed 3
a: Renounce Religion


You were in the Dungeon.
You worshipped Vehumet.
Vehumet was extremely pleased with you.
You visited 1 branch

Inventory:

Hand Weapons
 m - a +5 flail of venom
 r - a +4 quarterstaff of speed (weapon)
Armour
 a - +0 steam dragon scales
 n - a +1 robe of fire resistance (worn)
 s - a +0 cloak (worn)
Jewellery
 o - a +3 ring of protection (left hand)
 p - a +3 ring of intelligence (right hand)
Scrolls
 g - a scroll of blinking
 i - 5 scrolls of amnesia
 j - a scroll of summoning
Potions
 b - 4 potions of magic
 c - 7 potions of curing
 d - 12 potions of heal wounds
 e - 3 potions of haste
 f - 3 potions of berserk rage
 h - 2 potions of invisibility
 q - 2 potions of might


   Skills:
 + Level 11.4 Dodging
 + Level 12.9 Stealth
 + Level 10.5 Spellcasting
 * Level 9.3 Conjurations
 + Level 7.9 Hexes
 - Level 1.3 Transmutations
 * Level 5.6 Air Magic
 * Level 11.4 Earth Magic


You had 12 spell levels left.
You knew the following spells:

 Your Spells              Type           Power      Damage    Failure   Level
a - Sandblast             Erth           100%       2d20      1%          1
b - Stone Arrow           Conj/Erth      100%       3d13      1%          3
c - Fulminant Prism       Conj/Hex       26%        3d14      1%          4
d - Airstrike             Air            19%        2d(3-19)  1%          4
e - Conjure Ball Lightni  Conj/Air       24%        3x3d7     10%         6

Your spell library contained the following spells:

 Spells                   Type           Power      Damage    Failure   Level
 Iron Shot                Conj/Erth      29%        9d6       3%          6
 Passwall                 Tmut/Erth      35%        N/A       1%          2
 Petrify                  Tmut/Erth      43%        N/A       3%          4


Dungeon Overview and Level Annotations

Branches:
Dungeon (1/1)

Altars:
Ashenzari
Cheibriados
Dithmenos
Elyvilon
Fedhas
Gozag
Hepliaklqana
Kikubaaqudgha
Makhleb
Nemelex Xobeh
Okawaru
Qazlal
Ru
Sif Muna
Trog
Uskayaw
Vehumet
Wu Jian
Xom
Yredelemnul
Zin
The Shining One
Jiyva
Lugonu


Innate Abilities, Weirdness & Mutations

You are very small and have problems with some larger weapons.
You are too small for most types of armour.
You have supernaturally acute eyesight. (SInv)
You cover ground extremely quickly. (Speed+++)


Message History

The alligator snapping turtle is lightly wounded.
Unknown command.
Unknown command.
Casting: Stone Arrow (safe; 1% risk of failure)
Confirm with . or Enter, or press ? or * to list all spells.
Aiming: Stone Arrow (safe; 1% risk of failure)
Press: ? - help, Shift-Dir - straight line, f/p - alligator snapping turtle
Aim: an alligator snapping turtle (lightly wounded, 100% to hit)
The stone arrow hits the alligator snapping turtle!!
The alligator snapping turtle is moderately wounded.
Unknown command.
Unknown command.
Casting: Stone Arrow (safe; 1% risk of failure)
Confirm with . or Enter, or press ? or * to list all spells.
Aiming: Stone Arrow (safe; 1% risk of failure)
Press: ? - help, Shift-Dir - straight line, f/p - alligator snapping turtle
Aim: an alligator snapping turtle (moderately wounded, 100% to hit)
The stone arrow hits the alligator snapping turtle!
The alligator snapping turtle is heavily wounded.
Unknown command.
Unknown command.
Casting: Stone Arrow (safe; 1% risk of failure)
Confirm with . or Enter, or press ? or * to list all spells.
Aiming: Stone Arrow (safe; 1% risk of failure)
Press: ? - help, Shift-Dir - straight line, f/p - alligator snapping turtle
Aim: an alligator snapping turtle (heavily wounded, 100% to hit)
The stone arrow hits the alligator snapping turtle!
The alligator snapping turtle is heavily wounded.
Unknown command.
Unknown command.
Casting: Stone Arrow (safe; 1% risk of failure)
Confirm with . or Enter, or press ? or * to list all spells.
Aiming: Stone Arrow (safe; 1% risk of failure)
Press: ? - help, Shift-Dir - straight line, f/p - alligator snapping turtle
Aim: an alligator snapping turtle (heavily wounded, 100% to hit)
The stone arrow hits the alligator snapping turtle!!
The alligator snapping turtle is severely wounded.
The alligator snapping turtle bites you from afar!!!
Ouch! That really hurt!
You die...

############
#_______o_.#
#_________.#
#_______...#######
##########'##.....
#.?(.')))).##.....
##########.##.....
#@.toh).....')....
#'#####'#####h....
#.#..#...'.##.....
#.#..#...#.#####'#
#)#..#####.##.....
#.#..'...#.##.....
#)#.รท'...'.##.....
#)#..########...<.
#.#..'[))..##.....


You could see an alligator snapping turtle, an orc knight and a warg.

Vanquished Creatures
  A death yak (D)
  A shadow wraith (D)
  A lindwurm (D)
  An efreet (D)
  2 freezing wraiths (D)
  3 blink frogs (D)
  Grinder (D)
  A jumping spider (D)
  A shadow (D)
  A ynoxinul (D)
  2 steam dragons (D)
  Edmund (D)
  Duvessa (D)
  An orc warrior (D)
  A sky beast (D)
  A bullfrog (D)
  A crimson imp (D)
  2 orc priests (D)
  An orc wizard (D)
  An adder (D)
  A gnoll (D)
  2 river rats (D)
  2 orcs (D)
  4 ball pythons (D)
  A giant cockroach (D)
  A goblin (D)
  A hobgoblin (D)
  2 jackals (D)
  A quokka (D)
  3 frilled lizards (D)
  A giant cockroach zombie (D)
  A kobold (D)
  2 fulminant prisms (D)
47 creatures vanquished.

Vanquished Creatures (others)
  A worm (D)
  8 fulminant prisms (D)
9 creatures vanquished.

Grand Total: 56 creatures vanquished

Notes
Turn   | Place    | Note
-------+----------+-------------------------------------------
     0 | D        | Groucho the Spriggan Earth Elementalist began the quest for
                  | the Orb.
     0 | D        | Reached XP level 1. HP: 9/9 MP: 5/5
    26 | D        | Found a bloodstained altar of Trog.
    26 | D        | Found a shimmering blue altar of Sif Muna.
    26 | D        | Found a viscous altar of Jiyva.
    26 | D        | Found a hazy altar of Hepliaklqana.
    26 | D        | Found an opulent altar of Gozag.
    49 | D        | Found a glowing golden altar of the Shining One.
    49 | D        | Found a glowing silver altar of Zin.
    49 | D        | Found a basalt altar of Yredelemnul.
    49 | D        | Found a shimmering altar of Xom.
    49 | D        | Found an ornate altar of the Wu Jian Council.
    49 | D        | Found a sacrificial altar of Ru.
    49 | D        | Found a stormy altar of Qazlal.
    49 | D        | Found an iron altar of Okawaru.
    49 | D        | Found a sparkling altar of Nemelex Xobeh.
    49 | D        | Found a burning altar of Makhleb.
    49 | D        | Found a blossoming altar of Fedhas.
    49 | D        | Found a white marble altar of Elyvilon.
    49 | D        | Found a shadowy altar of Dithmenos.
    49 | D        | Found a snail-covered altar of Cheibriados.
    52 | D        | Found a corrupted altar of Lugonu.
    52 | D        | Found a radiant altar of Vehumet.
    53 | D        | Found an ancient bone altar of Kikubaaqudgha.
    53 | D        | Found a hide-covered altar of Uskayaw.
    53 | D        | Found a broken altar of Ashenzari.
    61 | D        | Became a worshipper of Vehumet
   167 | D        | Reached * piety under Vehumet
   167 | D        | Offered knowledge of Kiss of Death by Vehumet.
   168 | D        | Reached skill level 1 in Conjurations
   168 | D        | Reached XP level 2. HP: 13/13 MP: 2/7
   914 | D        | Reached ** piety under Vehumet
   914 | D        | Offered knowledge of Static Discharge by Vehumet.
   915 | D        | Reached XP level 3. HP: 16/16 MP: 6/9
  1247 | D        | Learned a level 3 spell: Stone Arrow
  1570 | D        | Noticed a bullfrog
  1580 | D        | Killed a bullfrog
  1580 | D        | Offered knowledge of Frozen Ramparts by Vehumet.
  1581 | D        | Reached skill level 5 in Dodging
  1581 | D        | Reached skill level 4 in Stealth
  1581 | D        | Reached skill level 5 in Earth Magic
  1581 | D        | Reached XP level 4. HP: 20/21 MP: 9/11
  1581 | D        | Noticed a sky beast
  1606 | D        | Killed a sky beast
  1606 | D        | Reached *** piety under Vehumet
  1607 | D        | Reached skill level 6 in Stealth
  1607 | D        | Reached skill level 5 in Spellcasting
  1607 | D        | Reached XP level 5. HP: 14/24 MP: 5/14
  1805 | D        | Noticed an orc warrior
  1817 | D        | Killed an orc warrior
  1817 | D        | Offered knowledge of Fulminant Prism by Vehumet.
  1817 | D        | Reached **** piety under Vehumet
  1818 | D        | Reached skill level 7 in Stealth
  1818 | D        | Reached skill level 5 in Conjurations
  1818 | D        | Reached XP level 6. HP: 28/28 MP: 11/16
  2093 | D        | Learned a level 4 spell: Fulminant Prism
  2116 | D        | Noticed Duvessa
  2133 | D        | Killed Duvessa
  2133 | D        | Offered knowledge of Airstrike by Vehumet.
  2134 | D        | Reached skill level 8 in Stealth
  2134 | D        | Reached skill level 1 in Hexes
  2434 | D        | Noticed a freezing wraith
  2485 | D        | Killed a freezing wraith
  2486 | D        | Reached skill level 9 in Stealth
  2486 | D        | Reached XP level 7. HP: 32/32 MP: 3/19
  2812 | D        | Learned a level 4 spell: Airstrike
  2843 | D        | Noticed Edmund
  2845 | D        | Reached ***** piety under Vehumet
  2864 | D        | Killed Edmund
  2864 | D        | Offered knowledge of Conjure Ball Lightning by Vehumet.
  3252 | D        | Noticed Grinder
  3252 | D        | Noticed a death yak
  3253 | D        | Noticed an efreet
  3254 | D        | HP: 1/32 [efreet/fireball (18)]
  3362 | D        | Killed an efreet
  3363 | D        | Reached skill level 10 in Stealth
  3363 | D        | Reached XP level 8. HP: 28/36 MP: 4/21
  3889 | D        | Learned a level 6 spell: Conjure Ball Lightning
  3919 | D        | Killed a death yak
  3920 | D        | Reached skill level 11 in Stealth
  3920 | D        | Reached skill level 5 in Hexes
  4252 | D        | Killed Grinder
  4253 | D        | Reached skill level 10 in Dodging
  4253 | D        | Reached skill level 1 in Air Magic
  4253 | D        | Reached skill level 10 in Earth Magic
  4588 | D        | Noticed a freezing wraith
  4600 | D        | Killed a freezing wraith
  4601 | D        | Reached XP level 9. HP: 39/39 MP: 18/23
  4606 | D        | Noticed a lindwurm
  4609 | D        | Killed a lindwurm
  5103 | D        | Offered knowledge of Plasma Beam by Vehumet.
  5104 | D        | Reached skill level 12 in Stealth
  5117 | D        | Reached skill level 10 in Spellcasting
  5430 | D        | Noticed an alligator snapping turtle
  6712 | D        | Offered knowledge of Iron Shot by Vehumet.
  6719 | D        | Reached skill level 5 in Air Magic
  6719 | D        | Noticed a shadow wraith
  6725 | D        | Killed a shadow wraith
  6726 | D        | Reached XP level 10. HP: 44/44 MP: 3/25
  7645 | D        | Noticed an orc knight
  7670 | D        | Slain by an alligator snapping turtle

Illustrated notes

Levels and vault maps discovered:
D:        pitsprint [storerooms_1, entrance_room_1, metal_vault_5, armoury_1,
          mini_pit_1, grid_room_1, main_hall_1, silver_pit, the_coven_3,
          the_vestibule_1, steel_vault_3, golden_pit, hallway_of_sentries,
          crystal_vault_2, iron_vault_2, final_vault]

Skill      XL: |  1  2  3  4  5  6  7  8  9 |
---------------+----------------------------+-----
Dodging        | 3 4 5 6 8 9 10 11 | 11.4
Spellcasting   | 3 4 5 6 7 8 9 10 | 10.5
Earth Magic    | 3 4 5 6 8 9 10 11 | 11.4
Conjurations   | 1 2 3 4 5 6 7 8 9 |  9.3
Stealth        | 4 6 7 9 10 11 12 | 12.9
Hexes          | 3 4 6 7 |  7.9
Air Magic      | 2 5 |  5.6
Transmutations | |  1.3

Action                     |  1- 3 |  4- 6 |  7- 9 | 10-12 || total
---------------------------+-------+-------+-------+-------++-------
  Melee: Falchion          |     1 |       |       |       ||     1
         Quarterstaff      |       |       |     1 |       ||     1
   Cast: Sandblast         |    20 |    18 |    17 |     2 ||    57
         Stone Arrow       |       |    13 |    77 |    28 ||   118
         Fulminant Prism   |       |       |     6 |     4 ||    10
         Airstrike         |       |       |     2 |       ||     2
    Use: Potion            |       |     1 |     1 |     1 ||     3
   Stab: Sleeping          |     1 |       |       |       ||     1
  Dodge: Dodged            |     6 |     5 |    13 |       ||    24
